Map: Jagannatha LE

Players

Rex - Winner!

  • Race: Zerg Zerg
  • League: Master
  • Spawn Location: 1:00

Has

  • Race: Protoss Protoss
  • Spawn Location: 7:00

Event: DreamHack SC2 Masters 2020 Winter

VOD

Have the link to the VOD?

Description

Time

  • Played on: Oct. 23, 2020, 8:54 a.m.
  • Length: 6:30

All games in this series

Show
View Real Time Build Order
Export as new Build Order

Rex Zerg - Winner!

Build Orders: Hatch First 

Get SALT Encoding   

  12  0:00  Drone  
  13  0:12  Overlord  
  13  0:17  Drone  
  14  0:30  Drone x2  
  16  0:48  Hatchery  
  15  0:52  Drone  
  15  0:56  Drone  
  17  0:59  Drone  
  18  1:10  Extractor  
  17  1:15  Spawning Pool  
  17  1:18  Drone  
  17  1:21  Drone  
  18  1:29  Drone  
  19  1:39  Drone  
  20  1:54  Hatchery  
  20  1:58  Drone  
  21  2:07  Hatchery  
  20  2:10  Queen  
  22  2:16  Metabolic Boost  
  22  2:23  Spine Crawler  
  21  2:31  Overlord  
  21  2:33  Zergling x2  
  22  2:49  Queen  
  24  2:58  Zergling x6  
  28  3:12  Overlord  
  29  3:26  Lair  
  29  3:30  Extractor  
  29  3:32  Zergling x4  
  30  3:40  Zergling x2  
  30  3:51  Drone x3, Hatchery  
  30  4:02  Drone  
  31  4:03  Drone x2  
  32  4:16  Drone  
  31  4:26  Nydus Network  
  31  4:30  Queen  
  32  4:35  Zergling x6  
  35  4:48  Zergling x2  
  36  4:55  Zergling x2  
  37  5:02  Queen  
  39  5:14  Nydus Canal  
  38  5:18  Zergling x10  
  43  5:27  Overseer  
  41  5:30  Nydus Canal  
  41  5:34  Zergling x6  
  43  5:35  Overlord  
  43  5:47  Nydus Canal  
  42  5:54  Zergling x2  
  42  5:55  Zergling x10  
  46  5:59  Zergling x2  
  46  6:04  Zergling x2  
  46  6:08  Zergling x2  
  46  6:09  Zergling x2  
  46  6:11  Zergling x2  
Show
View Real Time Build Order
Export as new Build Order

Has Protoss 

Build Orders: Oracle Opening 

Get SALT Encoding   

  12  0:00  Probe  
  13  0:12  Probe  
  14  0:19  Pylon  
  14  0:24  Probe  
  15  0:38  Probe (Chrono Boost)  
  15  0:42  Gateway  
  17  0:50  Probe (Chrono Boost)  
  17  0:54  Assimilator  
  17  0:57  Probe (Chrono Boost)  
  17  1:03  Forge  
  18  1:19  Pylon  
  18  1:21  Pylon  
  18  1:23  Pylon  
  18  1:29  Pylon  
  18  1:31  Pylon  
  18  1:33  Probe  
  18  1:38  Photon Cannon  
  19  1:42  Pylon  
  19  1:45  Probe  
  20  1:57  Cybernetics Core, Probe  
  21  2:05  Assimilator  
  21  2:07  Pylon  
  21  2:09  Probe  
  22  2:21  Probe  
  23  2:23  Pylon  
  23  2:31  Adept (Chrono Boost)  
  23  2:33  Probe  
  27  2:52  Photon Cannon  
  27  2:53  Photon Cannon  
  26  2:59  Probe  
  27  3:07  Stargate  
  27  3:12  Photon Cannon  
  27  3:13  Probe  
  27  3:14  Photon Cannon  
  28  3:26  Photon Cannon  
  29  3:33  Warp Gate, Adept  
  30  3:39  Shield Battery  
  31  3:47  Oracle (Chrono Boost)  
  28  3:55  Pylon  
  31  4:03  Shield Battery  
  31  4:10  Pylon  
  31  4:13  Pylon, Sentry  
  31  4:14  Oracle (Chrono Boost)  
  36  4:31  Nexus  
  36  4:37  Pylon  
  37  4:48  Void Ray (Chrono Boost)  
  36  4:59  Probe  
  41  5:11  Probe  
  41  5:21  Stalker  
  41  5:23  Probe  
  43  5:45  Stalker  
  38  6:02  Probe  
Tags
 
Add a new tag
Caveats
  • Supply blocks, unpowered buildings, or Contaminate may cause inaccurate times.
  • Supply counts are checked every 10 seconds.